 Dungeon Crawl Stone Soup version 0.30.1-11-g7821555f0a (webtiles) character file.

Game seed: 7465364576124917166

53 KittyFluff the Cudgeller (level 3, -4/23 HPs)
             Began as a Gargoyle Berserker on Nov 12, 2023.
             Was a Follower of Trog.
             Slain by Natasha (5 damage)
             ... on level 2 of the Dungeon.
             The game lasted 00:03:24 (807 turns).

KittyFluff the Cudgeller (Gargoyle Berserker)        Turns: 807, Time: 00:03:25

Health: -4/23      AC:  6    Str: 22    XL:     3   Next: 87%
Magic:  3/3        EV: 11    Int:  7    God:    Trog [*.....]
Gold:   73         SH:  0    Dex:  9    Spells: 2/2 levels left

rFire   . . .        a - +0 mace
rCold   . . .        (no shield)
rNeg    + . .        g - +0 leather armour
rPois   ∞            (no helmet)
rElec   +            (no cloak)
rCorr   .            (no gloves)
SInv    .            (no boots)
Will    .....        (no amulet)
Stlth   +            (no ring)
HPRegen 0.23/turn    (no ring)
MPRegen 0.08/turn

%: no passive effects
@: slowed, very slow
A: sickness immunity, AC +3, negative energy resistance 1, electricity
resistance, torment resistance 1, petrification resistance
a: Renounce Religion, Berserk


You were on level 2 of the Dungeon.
You worshipped Trog.
Trog was aware of your devotion.
You visited 1 branch of the dungeon, and saw 2 of its levels.

You collected 73 gold pieces.

Inventory:

Hand Weapons
 a - a +0 mace (weapon)
Armour
 g - a +0 leather armour (worn)
Jewellery
 f - a ring of fire
Scrolls
 c - 2 scrolls of blinking {unknown}
 d - a scroll of identify {unknown}
 e - a scroll of fear {unknown}
Potions
 b - a potion of haste {unknown}


   Skills:
 + Level 3.5 Fighting
 * Level 3.5 Maces & Flails
 * Level 3.1 Armour
 + Level 1.9 Dodging
 + Level 1.2 Stealth


You had 2 spell levels left.
You didn't know any spells.
Your spell library was empty.

Dungeon Overview and Level Annotations

Branches:
Dungeon (2/15)

Altars:

Annotations:
D:2 Natasha


Innate Abilities, Weirdness & Mutations

You are immune to sickness and miasma.
Your stone body is resilient. (AC +3)
You are immune to poison.
You resist negative energy. (rN+)
You are resistant to electric shocks. (rElec)
You are resistant to unholy torment.
You are immune to petrification.


Message History

The cerulean imp hits you but does no damage.
You closely miss the cerulean imp. The cerulean imp closely misses you.
The cerulean imp hits you with a +2 spear.
You sock the cerulean imp!
The cerulean imp is heavily wounded.
The cerulean imp hits you but does no damage.
Natasha casts a spell.
The cerulean imp hits you with a +2 spear.
You closely miss the cerulean imp.
The cerulean imp is heavily wounded.
Natasha casts a spell.
The cerulean imp hits you with a +2 spear.
You hit the cerulean imp.
The cerulean imp is almost dead.
The cerulean imp closely misses you. x2; The cerulean imp barely misses you.
The cerulean imp hits you from afar with a +1 spear.
You hit the cerulean imp.
You kill the cerulean imp!
The cerulean imp disappears in a puff of smoke!
The cerulean imp hits you but does no damage.
Natasha claws you. The cerulean imp misses you.
The cerulean imp hits you from afar with a +1 spear.
Natasha claws you but does no damage.
You sock Natasha!
Natasha is heavily wounded.
The cerulean imp closely misses you.
The cerulean imp hits you from afar with a +1 spear.
Natasha claws you but does no damage. The cerulean imp closely misses you.
The cerulean imp hits you but does no damage.
You barely miss Natasha.
Natasha is heavily wounded.
Natasha howls an incantation.
You feel troubled. Natasha claws you!
* * * LOW HITPOINT WARNING * * *
The cerulean imp hits you from afar with a +2 spear.
* * * LOW HITPOINT WARNING * * *
The cerulean imp hits you but does no damage.
Natasha claws you.
You die...

.###.## #..>..........
...^.## ####..?.......
....... ...........
....#############.........
..........................
....###########..##..####.
....# #..55# #.... ....#
##.##h# ...... ....#
#..##@# ##..# #####
#####.# .. ...### #.# .
##...### #.# ###...###
##.####.# ###...#
###.......# ###.#
##....###### #.# #..##.#
####.###.#####


You could see Natasha and 2 cerulean imps.

Vanquished Creatures
  Natasha (D:2)
  A worm (D:2)
  2 giant cockroaches (D:1)
  3 goblins
  2 hobgoblins
  4 jackals (D:2)
  3 kobolds
  A quokka (D:1)
  4 ball pythons
  A bat (D:2)
  A frilled lizard (D:1)
23 creatures vanquished.

Notes
Turn   | Place    | Note
-------+----------+-------------------------------------------
     0 | D:1      | KittyFluff the Gargoyle Berserker began the quest for the
                  | Orb.
     0 | D:1      | Reached XP level 1. HP: 14/14 MP: 1/1
   207 | D:1      | Reached XP level 2. HP: 19/19 MP: 2/2
   339 | D:1      | Found a faded altar of an unknown god.
   672 | D:2      | Noticed Natasha
   691 | D:2      | Killed Natasha
   692 | D:2      | Reached skill level 1 in Stealth
   692 | D:2      | Reached XP level 3. HP: 7/23 MP: 3/3
   787 | D:2      | Noticed Natasha
   807 | D:2      | HP: 1/23 [cerulean imp/+2 spear[Natasha] (4)]
   807 | D:2      | Slain by Natasha

Illustrated notes

Levels and vault maps discovered:
D:1:      minmay_arrival_up_and_down, layout_rooms,
          shapermc_ecumenical_altar_ellora
D:2:      layout_rooms, uniq_natasha

Skill      XL: |  1  2 |
---------------+-------+-----
Armour         | 3 |  3.1
Stealth        | 1 |  1.2
Fighting       | |  3.5
Maces & Flails | |  3.5
Dodging        | |  1.9

Action                     || total
---------------------------++-------
  Melee: Mace              ||    95
         Punch             ||     1
 Invoke: Berserk           ||     1
 Armour: Animal skin       ||    21
         Leather armour    ||    23
  Dodge: Dodged            ||    61
